 Dungeon Crawl Stone Soup version 0.23.1 (webtiles) character file.

Game seed: 8552289407011515263

102 Fang the Skirmisher (level 4, -2/29 HPs)
             Began as a Gargoyle Berserker on Mar 5, 2019.
             Was a Believer of Trog.
             Slain by a phantom (4 damage)
             ... on level 4 of the Dungeon.
             The game lasted 00:02:06 (2698 turns).

Fang the Skirmisher (Gargoyle Berserker)            Turns: 2698, Time: 00:02:07

Health: -2/29      AC: 10    Str: 22    XL:     4   Next: 78%
Magic:  4/4        EV: 10    Int:  7    God:    Trog [**....]
Gold:   218        SH:  0    Dex:  9    Spells: 3/3 levels left

rFire    . . .     SeeInvis .   a - +0 hand axe
rCold    . . .     Gourm    .   (no shield)
rNeg     + . .     Faith    .   w - +0 scale mail
rPois    ∞         Spirit   .   (no helmet)
rElec    +         Reflect  .   (no cloak)
rCorr    .         Harm     .   (no gloves)
MR       .....                  (no boots)
Stlth    +.........             (no amulet)
HPRegen  0.09/turn              (no ring)
MPRegen  0.09/turn              q - ring of stealth

@: heavily drained
A: negative energy resistance 1, electricity resistance, unbreathing,
petrification resistance, rot immunity, AC +3
a: Berserk, Trog's Hand, Renounce Religion


You were on level 4 of the Dungeon.
You worshipped Trog.
Trog was pleased with you.
You were not hungry.

You visited 1 branch of the dungeon, and saw 4 of its levels.

You collected 218 gold pieces.

Inventory:

Hand Weapons
 a - a +0 hand axe (weapon)
Armour
 w - a +0 scale mail (worn)
Jewellery
 q - a ring of stealth (right hand)
Scrolls
 d - a scroll of remove curse
 j - 4 scrolls of enchant weapon {unknown}
 m - a scroll of teleportation {unknown}
 n - 3 scrolls of fear {unknown}
 p - a scroll of fog {unknown}
 v - a scroll of enchant armour {unknown}
Potions
 f - a potion of magic {unknown}
 h - a potion of mutation {unknown}
 l - 2 potions of berserk rage {unknown}
 o - 2 potions of curing {unknown}
 r - a potion of degeneration {unknown}
 t - a potion of invisibility {unknown}
 u - a potion of haste {unknown}
Comestibles
 c - 4 rations


   Skills:
 + Level 4.0(2.4) Fighting
 + Level 3.4(1.8) Axes
 + Level 3.1(1.6) Armour
 + Level 2.4(0.9) Dodging


You had 3 spell levels left.
You didn't know any spells.
Your spell library was empty.

Dungeon Overview and Level Annotations

Branches:
Dungeon (4/15)
 Temple: D:4-7

Altars:
Ashenzari
Gozag
Ru
Zin


Innate Abilities, Weirdness & Mutations

You are resistant to torment.
Your stone body is resilient. (AC +3)
You are immune to poison.
You resist negative energy. (rN+)
You are resistant to electric shocks. (rElec)
You can survive without breathing.
You are immune to petrification.
You are immune to rotting.


Message History

You hit the phantom but do no damage. The phantom hits you.
* * * LOW HITPOINT WARNING * * *
The phantom blinks!
You swing at nothing.
You miss the phantom. The phantom closely misses you.
You completely miss the phantom. The phantom barely misses you.
You barely miss the phantom. The phantom hits you.
* * * LOW HITPOINT WARNING * * *
You hit the phantom.
The phantom hits you but does no damage.
The phantom hits you.
* * * LOW HITPOINT WARNING * * *
The phantom blinks!
You swing at nothing.
You swing at nothing.
The phantom blinks!
You swing at nothing.
You barely miss the phantom. The phantom closely misses you.
Your scale mail prevents you from hitting the phantom.
The phantom hits you.
You die...

...##
....##
.....#
#....#
##....#
.....#
#..=.#
##@W..#
#.....+
###.....#
#...<..##
#....##.#.#
..#.. ..#.#
# #. ##.#.#
.. ....# ##
###


You could see a phantom.

Vanquished Creatures
  3 adders
  A gnoll (D:1)
  3 dart slugs
  A ball python (D:1)
  6 bats
  3 giant cockroaches
  9 goblins
  8 hobgoblins
  A quokka (D:2)
  5 frilled lizards
  11 kobolds
  4 rats
55 creatures vanquished.

Notes
Turn   | Place    | Note
-------+----------+-------------------------------------------
     0 | D:1      | Fang the Gargoyle Berserker began the quest for the Orb.
     0 | D:1      | Reached XP level 1. HP: 14/14 MP: 1/1
   141 | D:1      | Reached XP level 2. HP: 19/19 MP: 2/2
   476 | D:1      | Reached XP level 3. HP: 24/24 MP: 3/3
  1119 | D:2      | Found a shattered altar of Ashenzari.
  1124 | D:2      | Reached ** piety under Trog
  1588 | D:2      | Reached XP level 4. HP: 28/29 MP: 4/4
  1601 | D:2      | Found a sacrificial altar of Ru.
  1954 | D:3      | Found a glowing silver altar of Zin.
  1958 | D:3      | Found an opulent altar of Gozag.
  2348 | D:3      | Reached skill level 4 in Fighting
  2612 | D:4      | Noticed a phantom
  2693 | D:4      | HP: 1/29 [phantom (5)]
  2698 | D:4      | Slain by a phantom

Skill      XL: |  1  2  3  4 |
---------------+-------------+-----
Axes           | 3 |  3.4
Dodging        | 2 |  2.4
Armour         | 3 |  3.1
Fighting       | 4 |  4.0

Action                   |  1- 3 |  4- 6 || total
-------------------------+-------+-------++-------
Melee: Hand axe          |   164 |   104 ||   268
  Use: Scroll            |       |     2 ||     2
 Stab: Sleeping          |       |     1 ||     1
  Eat: Chunk             |     2 |     4 ||     6
Armor: Animal skin       |    53 |    25 ||    78
       Scale mail        |       |    14 ||    14
Dodge: Dodged            |   112 |    74 ||   186
